| TOP OF THE 1ST |
|
Chicago Cubs batting - Pitching for Cincinnati Reds : RHP Curt Stevens
|
|
Pitching: RHP Curt Stevens
|
|
|
Batting: RHB Yasuhide Kasahara
|
0-0: Swinging Strike 0-1: Ball 1-1: Ball 2-1: Ball 3-1: Swinging Strike 3-2: Base on Balls
|
|
Batting: RHB Elijah Campbell
|
0-0: Fly out, F7 (Flyball, 7D, EV 85.6 MPH)
|
|
Batting: RHB Efrain Vargas
|
0-0: Ball 1-0: Foul Ball, location: 2F 1-1: Foul Ball, location: 2F 1-2: Ball 2-2: Strikes out swinging
|
|
Batting: SHB Terry Tuckfard
|
0-0: Called Strike 0-1: Ball 1-1: Fly out, F1 (Line Drive, P, EV 65.0 MPH)
|
| Top of the 1st over - 0 runs, 0 hits, 0 errors, 1 left on base; Chicago 0 - Cincinnati 0 |
| BOTTOM OF THE 1ST |
|
Cincinnati Reds batting - Pitching for Chicago Cubs : RHP Randy Budgell
|
|
Pitching: RHP Randy Budgell
|
|
|
Batting: LHB Satoru Handa
|
0-0: Called Strike 0-1: Ground out 5-3 (Groundball, 56S, EV 63.1 MPH)
|
|
Batting: LHB Jesus Lozano
|
0-0: Ball 1-0: Ball 2-0: Called Strike 2-1: Called Strike 2-2: Foul Ball, location: 2F 2-2: Ground out 4-3 (Groundball, 4, EV 84.4 MPH)
|
|
Batting: LHB Jake Bill
|
0-0: Called Strike 0-1: Ball 1-1: Ground out 5-3 (Groundball, 56S, EV 75.6 MPH)
|
| Bottom of the 1st over - 0 runs, 0 hits, 0 errors, 0 left on base; Chicago 0 - Cincinnati 0 |
| TOP OF THE 2ND |
|
Chicago Cubs batting - Pitching for Cincinnati Reds : RHP Curt Stevens
|
|
Batting: RHB Josh Kalman
|
0-0: Ball 1-0: Ball 2-0: Called Strike 2-1: Ground out 6-3 (Groundball, 6, EV 78.1 MPH)
|
|
Batting: SHB Art Kent
|
0-0: Ball 1-0: Ball 2-0: Called Strike 2-1: Ball 3-1: Base on Balls
|
|
Batting: RHB Adam O'Hare
|
0-0: Called Strike 0-1: Foul Ball, location: 2F 0-2: Strikes out swinging
|
|
Batting: RHB Jamie Ogilvie
|
0-0: Ball 1-0: Swinging Strike 1-1: Ball 2-1: Ground out 6-3 (Groundball, 6S, EV 81.9 MPH)
|
| Top of the 2nd over - 0 runs, 0 hits, 0 errors, 1 left on base; Chicago 0 - Cincinnati 0 |
| BOTTOM OF THE 2ND |
|
Cincinnati Reds batting - Pitching for Chicago Cubs : RHP Randy Budgell
|
|
Batting: RHB Willie Cardamone
|
0-0: Ball 1-0: Swinging Strike 1-1: Ball 2-1: Foul Ball, location: 2F 2-2: Ground out 6-3 (Groundball, 6, EV 94.4 MPH)
|
|
Batting: LHB Jon Ledesma
|
0-0: Ball 1-0: Ball 2-0: Called Strike 2-1: Ball 3-1: Base on Balls
|
|
Batting: LHB Sean Geisler
|
0-0: Ball 1-0: Foul Ball, location: 2F 1-1: Called Strike 1-2: SINGLE (Line Drive, 78M, EV 88.1 MPH) Jon Ledesma to second
|
|
Batting: SHB Dave Barefoot
|
0-0: Ball 1-0: Ball 2-0: Fly out, F7 (Flyball, 7LS, EV 73.1 MPH)
|
|
Batting: RHB Willie Lazcano
|
0-0: Called Strike 0-1: Ball 1-1: Fly out, F9 (Flyball, 89M, EV 88.1 MPH)
|
| Bottom of the 2nd over - 0 runs, 1 hit, 0 errors, 2 left on base; Chicago 0 - Cincinnati 0 |
| TOP OF THE 3RD |
|
Chicago Cubs batting - Pitching for Cincinnati Reds : RHP Curt Stevens
|
|
Batting: RHB Andy Wasierski
|
0-0: Ball 1-0: Called Strike 1-1: Swinging Strike 1-2: Strikes out looking
|
|
Batting: RHB Yasuhide Kasahara
|
0-0: Called Strike 0-1: Ball 1-1: Ground out 1-3 (Groundball, 13, EV 70.0 MPH)
|
|
Batting: RHB Elijah Campbell
|
0-0: Called Strike 0-1: Swinging Strike 0-2: Ball 1-2: Strikes out swinging
|
| Top of the 3rd over - 0 runs, 0 hits, 0 errors, 0 left on base; Chicago 0 - Cincinnati 0 |
| BOTTOM OF THE 3RD |
|
Cincinnati Reds batting - Pitching for Chicago Cubs : RHP Randy Budgell
|
|
Batting: LHB Andy Arbuckle
|
0-0: Ball 1-0: Swinging Strike 1-1: Ball 2-1: Foul Ball, location: 2F 2-2: Foul Ball, location: 2F 2-2: Foul Ball, location: 2F 2-2: Ball 3-2: Base on Balls
|
|
Batting: LHB Satoru Handa
|
0-0: Ball 1-0: Foul Ball, location: 2F 1-1: Ball 2-1: Grounds into double play, 4-6-3 (Groundball, 4, EV 87.5 MPH)
|
|
Batting: LHB Jesus Lozano
|
0-0: Ball 1-0: Foul Ball, location: 2F 1-1: Ball 2-1: Ground out 1-3 (Groundball, 15S, EV 68.8 MPH)
|
| Bottom of the 3rd over - 0 runs, 0 hits, 0 errors, 0 left on base; Chicago 0 - Cincinnati 0 |
| TOP OF THE 4TH |
|
Chicago Cubs batting - Pitching for Cincinnati Reds : RHP Curt Stevens
|
|
Batting: RHB Efrain Vargas
|
0-0: Ball 1-0: Fly out, F8 (Flyball, 8RM, EV 75.6 MPH)
|
|
Batting: SHB Terry Tuckfard
|
0-0: Called Strike 0-1: Ball 1-1: Ball 2-1: Fly out, F9 (Flyball, 9LD, EV 87.5 MPH)
|
|
Batting: RHB Josh Kalman
|
0-0: Ball 1-0: Ball 2-0: Called Strike 2-1: Ball 3-1: Base on Balls
|
|
Batting: SHB Art Kent
|
0-0: Ball 1-0: Called Strike 1-1: Ball 2-1: 2-RUN HOME RUN (Line Drive, 9D, EV 98.8 MPH), Distance : 402 ft
|
|
Batting: RHB Adam O'Hare
|
0-0: Ball 1-0: Foul Ball, location: 2F 1-1: Swinging Strike 1-2: Strikes out swinging
|
| Top of the 4th over - 2 runs, 1 hit, 0 errors, 0 left on base; Chicago 2 - Cincinnati 0 |
| BOTTOM OF THE 4TH |
|
Cincinnati Reds batting - Pitching for Chicago Cubs : RHP Randy Budgell
|
|
Batting: LHB Jake Bill
|
0-0: Fly out, F4 (Popup, 4D, EV 51.2 MPH)
|
|
Batting: RHB Willie Cardamone
|
0-0: Ball 1-0: Ball 2-0: Ball 3-0: Base on Balls
|
|
Batting: LHB Jon Ledesma
|
0-0: Ball Willie Cardamone steals 2nd base (no throw) 1-0: Ball 2-0: Ground out U3 (Groundball, 34S, EV 92.5 MPH) Willie Cardamone to third
|
|
Batting: LHB Sean Geisler
|
0-0: Ball 1-0: Called Strike 1-1: Ball 2-1: Ball 3-1: Base on Balls
|
|
Batting: SHB Dave Barefoot
|
0-0: Ball 1-0: Called Strike 1-1: Foul Ball, location: 2F 1-2: Ball 2-2: Ball 3-2: Strikes out swinging
|
| Bottom of the 4th over - 0 runs, 0 hits, 0 errors, 2 left on base; Chicago 2 - Cincinnati 0 |
| TOP OF THE 5TH |
|
Chicago Cubs batting - Pitching for Cincinnati Reds : RHP Curt Stevens
|
|
Batting: RHB Jamie Ogilvie
|
0-0: Ball 1-0: Ball 2-0: Called Strike 2-1: Foul Ball, location: 2F 2-2: Strikes out swinging
|
|
Batting: RHB Andy Wasierski
|
0-0: Foul Ball, location: 2F 0-1: Called Strike 0-2: Strikes out looking
|
|
Batting: RHB Yasuhide Kasahara
|
0-0: Foul Ball, location: 2F 0-1: Ball 1-1: Called Strike 1-2: Ball 2-2: SINGLE (Flyball, 9LS, EV 86.2 MPH)
|
|
Batting: RHB Elijah Campbell
|
0-0: Foul Ball, location: 2F 0-1: Foul Ball, location: 2F 0-2: Ball 1-2: Strikes out looking
|
| Top of the 5th over - 0 runs, 1 hit, 0 errors, 1 left on base; Chicago 2 - Cincinnati 0 |
| BOTTOM OF THE 5TH |
|
Cincinnati Reds batting - Pitching for Chicago Cubs : RHP Randy Budgell
|
|
Batting: RHB Willie Lazcano
|
0-0: Ball 1-0: Fly out, F7 (Flyball, 7S, EV 97.5 MPH)
|
|
Batting: LHB Andy Arbuckle
|
0-0: Foul Ball, location: 2F 0-1: Ball 1-1: Foul Ball, location: 2F 1-2: Ball 2-2: Foul Ball, location: 2F 2-2: Ball 3-2: Base on Balls
|
|
Batting: LHB Satoru Handa
|
0-0: Called Strike 0-1: Grounds into double play, 4-6-3 (Groundball, 4, EV 81.2 MPH)
|
| Bottom of the 5th over - 0 runs, 0 hits, 0 errors, 0 left on base; Chicago 2 - Cincinnati 0 |
| TOP OF THE 6TH |
|
Chicago Cubs batting - Pitching for Cincinnati Reds : RHP Curt Stevens
|
|
Batting: RHB Efrain Vargas
|
0-0: Fly out, F5 (Flyball, 5D, EV 86.9 MPH)
|
|
Batting: SHB Terry Tuckfard
|
0-0: Ball 1-0: Foul Ball, location: 2F 1-1: Ball 2-1: Ball 3-1: Base on Balls
|
|
Batting: RHB Josh Kalman
|
0-0: Ball 1-0: Ball 2-0: Foul Ball, location: 2F 2-1: Swinging Strike 2-2: DOUBLE (Line Drive, 78M, EV 92.5 MPH) Terry Tuckfard to third
|
|
Batting: SHB Art Kent
|
0-0: Intentional Walk
|
|
Batting: RHB Adam O'Hare
|
0-0: Ball 1-0: Foul Ball, location: 2F 1-1: Ball 2-1: Foul Ball, location: 2F 2-2: Ball 3-2: Strikes out looking
|
|
Batting: RHB Jamie Ogilvie
|
0-0: Foul Ball, location: 2F 0-1: Ball 1-1: SINGLE (Groundball, 56, EV 95.0 MPH) (infield hit) Terry Tuckfard scores Josh Kalman to third Art Kent to second
|
|
Batting: RHB Andy Wasierski
|
0-0: Called Strike 0-1: Called Strike 0-2: Ball 1-2: Strikes out swinging
|
| Top of the 6th over - 1 run, 2 hits, 0 errors, 3 left on base; Chicago 3 - Cincinnati 0 |
| BOTTOM OF THE 6TH |
|
Cincinnati Reds batting - Pitching for Chicago Cubs : RHP Randy Budgell
|
|
Batting: LHB Jesus Lozano
|
0-0: Called Strike 0-1: Ball 1-1: Ball 2-1: Foul Ball, location: 2F 2-2: Foul Ball, location: 2F 2-2: Foul Ball, location: 2F 2-2: Ball 3-2: Base on Balls
|
|
Batting: LHB Jake Bill
|
0-0: Called Strike 0-1: Ball 1-1: Ball 2-1: Ball 3-1: Fly out, F7 (Line Drive, 7, EV 100.0 MPH)
|
|
Batting: RHB Willie Cardamone
|
0-0: Ball 1-0: Ball 2-0: Fly out, F9 (Flyball, 9, EV 85.6 MPH)
|
|
Batting: LHB Jon Ledesma
|
0-0: Ball 1-0: Called Strike Jesus Lozano steals 2nd, throwing error, E2 Jesus Lozano to third 1-1: Fly out, F9 (Flyball, 89D, EV 99.4 MPH)
|
| Bottom of the 6th over - 0 runs, 0 hits, 1 error, 1 left on base; Chicago 3 - Cincinnati 0 |
| TOP OF THE 7TH |
|
Chicago Cubs batting - Pitching for Cincinnati Reds : RHP Curt Stevens
|
|
Batting: RHB Yasuhide Kasahara
|
0-0: SINGLE (Groundball, 25, EV 63.1 MPH) (infield hit)
|
|
Batting: RHB Elijah Campbell
|
0-0: Ball 1-0: Ball 2-0: Called Strike 2-1: Swinging Strike 2-2: 2-RUN HOME RUN (Flyball, 7LD, EV 94.4 MPH), Distance : 352 ft
|
|
Pitching: RHP Marshall Barron
|
|
|
Batting: RHB Efrain Vargas
|
0-0: Called Strike 0-1: Hit by Pitch
|
|
Batting: SHB Terry Tuckfard
|
0-0: Ball 1-0: Ball 2-0: Ball Wild Pitch! Efrain Vargas to second 3-0: Foul Ball, location: 2F 3-1: Foul Ball, location: 2F 3-2: Foul Ball, location: 2F 3-2: Strikes out swinging
|
|
Batting: RHB Josh Kalman
|
0-0: Called Strike 0-1: Foul Ball, location: 2F 0-2: Foul Ball, location: 2F 0-2: Ball 1-2: Ball 2-2: Foul Ball, location: 2F 2-2: Foul Ball, location: 2F 2-2: 2-RUN HOME RUN (Flyball, 9D, EV 95.0 MPH), Distance : 376 ft
|
|
Batting: SHB Art Kent
|
0-0: Reached on error, E6 (Groundball, 6M, EV 104.4 MPH)
|
|
Batting: RHB Adam O'Hare
|
0-0: Ball 1-0: Ball 2-0: Foul Ball, location: 2F 2-1: Called Strike 2-2: Strikes out swinging
|
|
Batting: RHB Jamie Ogilvie
|
0-0: Called Strike 0-1: Called Strike 0-2: Foul Ball, location: 2F 0-2: Ball 1-2: Ball 2-2: Strikes out swinging
|
| Top of the 7th over - 4 runs, 3 hits, 1 error, 1 left on base; Chicago 7 - Cincinnati 0 |
| BOTTOM OF THE 7TH |
|
Cincinnati Reds batting - Pitching for Chicago Cubs : RHP Randy Budgell
|
|
Pinch Hitting: LHB Shawn Morrison
|
0-0: Ball 1-0: Ball 2-0: Swinging Strike 2-1: Called Strike 2-2: Ball 3-2: Strikes out swinging
|
|
Batting: SHB Dave Barefoot
|
0-0: Ball 1-0: Ball 2-0: Ball 3-0: Called Strike 3-1: Base on Balls
|
|
Pitching: RHP Bryant Bradley
|
|
|
Batting: RHB Willie Lazcano
|
0-0: Called Strike 0-1: Foul Ball, location: 2F 0-2: Fly out, F9 (Line Drive, 9D, EV 94.4 MPH)
|
|
Batting: LHB Andy Arbuckle
|
0-0: Foul Ball, location: 2F 0-1: Ball 1-1: Ball 2-1: Ball 3-1: Called Strike 3-2: Foul Ball, location: 2F 3-2: Foul Ball, location: 2F 3-2: Base on Balls Dave Barefoot to second
|
|
Batting: LHB Satoru Handa
|
0-0: Swinging Strike 0-1: Ball 1-1: Ball 2-1: Swinging Strike 2-2: SINGLE (Line Drive, 7S, EV 106.2 MPH) Dave Barefoot to third Andy Arbuckle to second Runner from 3rd tries for Home, SAFE, throw by LF to home
|
|
Batting: LHB Jesus Lozano
|
0-0: Ball 1-0: Ball 2-0: Ball 3-0: Base on Balls Andy Arbuckle to third Satoru Handa to second
|
|
Batting: LHB Jake Bill
|
0-0: Ball 1-0: Ball 2-0: Ball 3-0: Base on Balls Andy Arbuckle scores Satoru Handa to third Jesus Lozano to second
|
|
Batting: RHB Willie Cardamone
|
0-0: Swinging Strike 0-1: Called Strike 0-2: Strikes out swinging
|
| Bottom of the 7th over - 2 runs, 1 hit, 0 errors, 3 left on base; Chicago 7 - Cincinnati 2 |
| TOP OF THE 8TH |
|
Chicago Cubs batting - Pitching for Cincinnati Reds : RHP Marshall Barron
|
|
Now at 1B: Shawn Morrison
|
|
|
Batting: RHB Andy Wasierski
|
0-0: Called Strike 0-1: Called Strike 0-2: Ball 1-2: Foul Ball, location: 2F 1-2: Strikes out swinging
|
|
Batting: RHB Yasuhide Kasahara
|
0-0: Called Strike 0-1: Swinging Strike 0-2: Foul Ball, location: 2F 0-2: Hit by Pitch
|
|
Batting: RHB Elijah Campbell
|
0-0: Called Strike 0-1: Swinging Strike 0-2: Ball 1-2: Foul Ball, location: 2F 1-2: Ball 2-2: Foul Ball, location: 2F 2-2: Ball 3-2: Strikes out swinging
|
|
Batting: RHB Efrain Vargas
|
0-0: Ball 1-0: 2-RUN HOME RUN (Flyball, 89XD, EV 98.8 MPH), Distance : 405 ft
|
|
Batting: SHB Terry Tuckfard
|
0-0: Called Strike 0-1: Swinging Strike 0-2: Ball 1-2: Ball 2-2: Ground out U3 (Groundball, 34S, EV 90.0 MPH)
|
| Top of the 8th over - 2 runs, 1 hit, 0 errors, 0 left on base; Chicago 9 - Cincinnati 2 |
| BOTTOM OF THE 8TH |
|
Cincinnati Reds batting - Pitching for Chicago Cubs : RHP Bryant Bradley
|
|
Batting: LHB Jon Ledesma
|
0-0: Called Strike 0-1: Foul Ball, location: 2F 0-2: Ball 1-2: Fly out, F9 (Flyball, 9S, EV 91.2 MPH)
|
|
Batting: LHB Shawn Morrison
|
0-0: Ball 1-0: Ball 2-0: Ball 3-0: Swinging Strike 3-1: Base on Balls
|
|
Batting: SHB Dave Barefoot
|
0-0: Called Strike 0-1: Ball 1-1: Swinging Strike 1-2: Ball 2-2: SINGLE (Line Drive, 8LS, EV 96.9 MPH) Shawn Morrison to second
|
|
Batting: RHB Willie Lazcano
|
0-0: Grounds into double play, 4-6-3 (Groundball, 4, EV 83.8 MPH)
|
| Bottom of the 8th over - 0 runs, 1 hit, 0 errors, 1 left on base; Chicago 9 - Cincinnati 2 |
| TOP OF THE 9TH |
|
Chicago Cubs batting - Pitching for Cincinnati Reds : RHP Marshall Barron
|
|
Batting: RHB Josh Kalman
|
0-0: Called Strike 0-1: Ground out 3-1 (Groundball, 34S, EV 91.9 MPH)
|
|
Batting: SHB Art Kent
|
0-0: Fly out, F8 (Flyball, 8RD, EV 99.4 MPH)
|
|
Batting: RHB Adam O'Hare
|
0-0: Foul Ball, location: 2F 0-1: Ball 1-1: Ball 2-1: Swinging Strike 2-2: Foul Ball, location: 2F 2-2: SINGLE (Groundball, 6S, EV 70.0 MPH) (infield hit)
|
|
Batting: RHB Jamie Ogilvie
|
0-0: Called Strike 0-1: Ball 1-1: Fly out, F8 (Flyball, 89D, EV 96.9 MPH)
|
| Top of the 9th over - 0 runs, 1 hit, 0 errors, 1 left on base; Chicago 9 - Cincinnati 2 |
| BOTTOM OF THE 9TH |
|
Cincinnati Reds batting - Pitching for Chicago Cubs : RHP Bryant Bradley
|
|
Batting: LHB Andy Arbuckle
|
0-0: Ball 1-0: Called Strike 1-1: Ball 2-1: Ball 3-1: Foul Ball, location: 2F 3-2: Fly out, F8 (Flyball, 78D, EV 85.6 MPH)
|
|
Batting: LHB Satoru Handa
|
0-0: Ball 1-0: Ball 2-0: Reached on error, E8 (Line Drive, 8LD, EV 98.1 MPH)
|
|
Pitching: LHP George Poirier
|
|
|
Batting: LHB Jesus Lozano
|
0-0: Foul Ball, location: 2F 0-1: Foul Ball, location: 2F 0-2: Strikes out swinging, 2-3 out at first.
|
|
Batting: RHB Omar Quintana
|
0-0: Ball 1-0: Foul Ball, location: 2F 1-1: Ground out 2-3 (Groundball, 2L, EV 72.5 MPH)
|
| Bottom of the 9th over - 0 runs, 0 hits, 1 error, 1 left on base; Chicago 9 - Cincinnati 2 |
|